 Dungeon Crawl Stone Soup version 0.28-a0-1339-ga5422284a4 (webtiles) character file.

Game seed: 7639496750299230010

12490 vivovinco the Thaumaturge (level 12, -2/74 HPs)
             Began as a Djinni Fire Elementalist on Dec 28, 2021.
             Was a Priest of Makhleb.
             Slain by a wolf (8 damage)
             ... on level 1 of the Lair of Beasts.
             The game lasted 01:10:28 (15923 turns).

vivovinco the Thaumaturge (DjFE)                   Turns: 15923, Time: 01:10:28

Health: -2/74      AC: 14    Str:  7    XL:     12   Next: 20%
Gold:   446        EV: 14    Int: 22    God:    Makhleb [***...] SH:  0 Dex: 14

rFire   + + +      SeeInvis .   H - +9 lance "Wyrmbane" {slay drac, rPois rF+ rC+ AC+3}
rCold   . . .      Faith    .   (no shield)
rNeg    . . .      Spirit   .   I - +1 steam dragon scales
rPois   ∞          Reflect  .   (no helmet)
rElec   .          Harm     .   (no cloak)
rCorr   .          Rampage  .   C - +0 pair of gloves
Will    +....                   (boots unavailable)
Stlth   ++++......              (no amulet)
HPRegen 0.22/turn               h - +4 ring of protection
MPRegen 0.00/turn               i - ring of poison resistance

@: flying, hasted, invisible, very quick
A: sickness immunity, fire resistance 2, cold vulnerability 1, float, innate
caster, hp casting, extra vitality 1
a: Renounce Religion, Minor Destruction, Lesser Servant of Makhleb


You were on level 1 of the Lair of Beasts.
You worshipped Makhleb.
Makhleb was most pleased with you.
You visited 3 branches of the dungeon, and saw 13 of its levels.
You also visited: Ossuary and Gauntlet.

You collected 446 gold pieces.

Inventory:

Hand Weapons
 w - a +1 dagger of flaming
 x - a +3 falchion of flaming
 E - a +4 flail of protection
 H - the +9 lance "Wyrmbane" (weapon) {slay drac, rPois rF+ rC+ AC+3}
   (You took it off Maggie on level 7 of the Dungeon)

   It inflicts extra damage against dragons and draconians.
   AC:        It affects your AC (+3).
   rF:        It protects you from fire.
   rC:        It protects you from cold.
   rPois:     It protects you from poison.
Missiles
 f - 269 stones (quivered)
 l - 171 arrows
 v - 56 poisoned darts
 A - a throwing net
 D - 9 boomerangs
 K - 16 bolts
 N - 4 javelins
Armour
 C - a +0 pair of gloves (worn)
 I - +1 steam dragon scales (worn)
Magical Staves
 O - a staff of fire
Jewellery
 e - a ring of wizardry
 h - a +4 ring of protection (left hand)
 i - a ring of poison resistance (right hand)
 k - a +4 ring of evasion
Wands
 n - a wand of flame (20)
 p - a wand of paralysis (20)
 y - a wand of acid (11)
 G - a wand of mindburst (17)
 P - a wand of iceblast (5)
Scrolls
 m - 4 scrolls of blinking
 o - 6 scrolls of teleportation
 u - a scroll of brand weapon
 z - a scroll of fear {unknown}
 B - a scroll of magic mapping {unknown}
 J - a scroll of identify
Potions
 a - 2 potions of mutation
 b - 2 potions of curing
 c - 4 potions of brilliance
 d - a potion of degeneration {unknown}
 g - 3 potions of flight
 j - a potion of invisibility
 q - a potion of cancellation {unknown}
 r - 4 potions of haste
 s - 2 potions of might {unknown}
 t - 2 potions of resistance {unknown}
 F - 2 potions of magic {unknown}
 L - 2 potions of heal wounds {unknown}
Miscellaneous
 M - a box of beasts (inert)


   Skills:
 + Level 2.2 Fighting
 - Level 1.4 Short Blades
 * Level 4.2 Polearms
 + Level 0.7 Armour
 + Level 5.1 Dodging
 * Level 8.2 Stealth
 + Level 11.7 Spellcasting


You had 6 spell levels left.
You knew the following spells:

 Your Spells              Type           Power      Damage    Failure   Level
a - Foxfire               Conj/Fire      100%       2x1d9     1%          1
b - Scorch                Fire           100%       2d10      1%          2
c - Conjure Flame         Conj/Fire      59%        6-21      1%          3
d - Inner Flame           Hex/Fire       59%        N/A       1%          3
e - Flame Wave            Conj/Fire      59%        2d9       1%          4
f - Pain                  Necr           100%       1d9       1%          1
g - Blink                 Tloc           100%       N/A       1%          2
h - Lesser Beckoning      Tloc           59%        N/A       1%          3
i - Summon Lightning Spi  Summ/Air       59%        N/A       1%          4
j - Blade Hands           Tmut           29%        N/A       1%          5
Your spell library was empty.

Dungeon Overview and Level Annotations

Branches:
Dungeon (10/15)            Temple (1/1) D:5            Lair (2/6) D:9
    Orc (0/2) D:9         Ossuary (visited)         Gauntlet (visited)
  Swamp: Lair:2-4    Shoals: Lair:2-4     Snake: Lair:2-4    Spider: Lair:2-4

Altars:
Ashenzari
Cheibriados
Dithmenos
Elyvilon
Fedhas
Gozag
Hepliaklqana
Kikubaaqudgha
Makhleb
Nemelex Xobeh
Okawaru
Qazlal
Ru
Sif Muna
Trog
Uskayaw
Vehumet
Wu Jian
Yredelemnul
Zin
The Shining One

Shops:
D:1 *   D:6 (   D:7 *


Innate Abilities, Weirdness & Mutations

You are immune to sickness and miasma.
You are immune to poison.
Your flesh is very heat resistant. (rF++)
You are vulnerable to cold. (rC-)
You float through the air rather than walking.
You learn spells naturally, not from books.
Your magical power is your life essence.
You have superior vitality. (+4 MHP)


Message History

The wolf barely misses you.
The wolf pauses to sniff the ground.
The wolf bites you but does no damage. The wolf closely misses you.
The black mamba bites you.
* * * LOW HITPOINT WARNING * * *
The wolf bites you but does no damage. x2
You feel yourself speed up. The wolf bites you but does no damage.
The wolf barely misses you.
The black mamba bites you but does no damage.
The wolf bites you.
* * * LOW HITPOINT WARNING * * *
The wolf bites you but does no damage. The black mamba misses you.
The wolf stops to sniff the ground.
The wolf bites you.
* * * LOW HITPOINT WARNING * * *
The wolf pauses to sniff the ground.
The wolf stops to sniff the ground.
The wolf bites you but does no damage.
There is a stone staircase leading up here.
The wolf completely misses you.
You fly upwards.
There is a stone staircase leading down here.
Aiming: Paralyse
Press: ? - help, Shift-Dir - straight line, f - wolf
Aim: a wolf (heavily wounded, chance to affect: 49%)
The wolf resists with some effort.
The wolf bites you but does no damage.
Reach: H) +9 lance "Wyrmbane" {slay drac, rPois rF+ rC+ AC+3}
Press: ? - help, Dir - move target, f/p - wolf
Aim: a wolf (heavily wounded, about 40% to evade the +9 lance "Wyrmbane")
Okay, then.
You open the lid... ...and a larval firebat beast flies out!
The box is emptied!
The wolf bites you but does no damage.
Your larval firebat beast closely misses the wolf.
The wolf closely misses you.
You miss the wolf.
The wolf is heavily wounded.
Your larval firebat beast completely misses the wolf.
The wolf bites you!
You die...

#P..............P#..##..###......
##..............##†.##..# #......
#...........##..##...#..# #.<....
##........##.......###..###......
##.:.#..###..........##..........
##...#.##......###...............
.#...###..#..#...#.....#.#.......
##..###..##.............###......
##....#..#...♣..@♣...#..###......
....#.........Hh.....#....#......
.....#.......♣...♣......#........
.#...##..##..........#..###......
.#..###...#......##....## #......
#...##..#.....###.....### #......
#...##..#.#.........##..# #......
##..##......#.....#.#...# #......
##..##......###'###.....# #......


You could see a wolf (ally target) and a friendly larval firebat beast
(summoned).

Vanquished Creatures
  2 death yaks (D:9)
  3 komodo dragons
  Maggie (D:7)
  Prince Ribbit (D:7)
  A polar bear (Lair:1)
  13 yaks
  2 vampire mosquitoes (D:5)
  7 water moccasins
  A hornet zombie (D:9)
  2 orc warriors
  A sky beast (D:6)
  2 black bears
  21 wolves
  A centaur (D:9)
  3 ogres
  A phantom (D:5)
  A bullfrog (D:7)
  An elf zombie (Ossuary)
  A scorpion (D:4)
  A water moccasin zombie (D:6)
  A water moccasin skeleton (D:3)
  A wyvern skeleton (D:5)
  A wight (D:8)
  3 howler monkeys
  4 centaur zombies
  A bullfrog zombie (D:6)
  2 orc priests
  2 hounds
  A centaur skeleton (D:4)
  A gnoll shaman (D:6)
  A human zombie (Ossuary)
  An iguana (D:5)
  Ijyb (D:3)
  5 orc wizards
  2 killer bee zombies (D:6)
  4 hound zombies
  2 hound skeletons
  4 mummies
  7 gnolls
  7 adders
  2 river rats (D:9)
  A shadow imp (D:5)
  A white imp (D:7)
  3 adder skeletons
  3 adder zombies (Ossuary)
  2 worms
  5 dart slugs
  15 orcs
  4 endoplasms
  2 giant cockroaches
  9 goblins
  6 hobgoblins
  7 jackals (D:1)
  7 quokkas
  8 ball pythons
  3 bats
  A frilled lizard (D:1)
  8 goblin zombies
  2 hobgoblin zombies (Ossuary)
  3 jackal zombies (Ossuary)
  8 kobolds
  5 kobold zombies (Ossuary)
  4 quokka zombies (Ossuary)
  4 rats
  A rat zombie (Ossuary)
  A spectral hobgoblin (D:2)
232 creatures vanquished.

Vanquished Creatures (collateral kills)
  A death yak (D:9)
  6 yaks
  Eustachio (D:6)
  Menkaure (D:7)
  Edmund (D:6)
  A water moccasin (Lair:1)
  2 orc warriors
  6 wolves
  A centaur (D:9)
  A bullfrog (D:7)
  2 wights (D:8)
  A gnoll shaman (D:7)
  4 orc wizards
  5 gnolls
  18 orcs
  A quokka (D:9)
  A rat (D:9)
  4 foxfires
57 creatures vanquished.

Vanquished Creatures (others)
  A quokka (D:4)
  588 foxfires
  A fungus (Lair:1)
  4 plants
594 creatures vanquished.

Grand Total: 883 creatures vanquished

Notes
Turn   | Place    | Note
-------+----------+-------------------------------------------
     0 | D:1      | vivovinco the Djinni Fire Elementalist began the quest for
                  | the Orb.
     0 | D:1      | Reached XP level 1. HP: 15/15 MP: 0/0
   335 | D:1      | Reached XP level 2. HP: 16/21 MP: 0/0
   795 | D:1      | Reached skill level 3 in Spellcasting
   800 | D:1      | Reached XP level 3. HP: 7/25 MP: 0/0
   800 | D:1      | Learned a level 1 spell: Pain
  1590 | D:1      | Found Ymaos's General Store.
  2203 | D:2      | Reached XP level 4. HP: 16/31 MP: 0/0
  2932 | D:2      | Reached XP level 5. HP: 34/36 MP: 0/0
  2932 | D:2      | Learned a level 2 spell: Blink
  3184 | D:2      | Found a faded altar of an unknown god.
  3708 | D:3      | Noticed Ijyb
  3717 | D:3      | Killed Ijyb
  3718 | D:3      | Reached skill level 1 in Short Blades
  4184 | D:3      | Reached skill level 4 in Spellcasting
  4235 | D:3      | Reached XP level 6. HP: 35/41 MP: 0/0
  4284 | D:4      | Found a white marble altar of Elyvilon.
  4885 | D:4      | Noticed an ogre
  4890 | D:4      | Killed an ogre
  5021 | D:4      | Became a worshipper of Elyvilon the Healer
  5058 | D:4      | Reached XP level 7. HP: 40/46 MP: 0/0
  5058 | D:4      | Learned a level 3 spell: Lesser Beckoning
  5111 | D:5      | Entered Level 5 of the Dungeon
  5140 | D:5      | Reached skill level 1 in Fighting
  5210 | D:5      | Found a sand-covered staircase.
  5216 | Ossuary  | Entered an ossuary
  5643 | Ossuary  | Reached skill level 5 in Spellcasting
  6467 | D:4      | Reached XP level 8. HP: 15/52 MP: 0/0
  6821 | D:5      | Reached * piety under Elyvilon
  7264 | D:5      | Found a snail-covered altar of Cheibriados.
  7266 | D:5      | Found a bloodstained altar of Trog.
  7423 | D:5      | Reached skill level 6 in Spellcasting
  8221 | D:5      | Reached ** piety under Elyvilon
  8519 | D:5      | Reached XP level 9. HP: 58/58 MP: 0/0
  8519 | D:5      | Learned a level 4 spell: Summon Lightning Spire
  8666 | D:5      | Found a staircase to the Ecumenical Temple.
  8675 | Temple   | Entered the Ecumenical Temple
  8874 | Temple   | Fell from the grace of Elyvilon
  8874 | Temple   | Became a worshipper of Makhleb the Destroyer
  9001 | D:6      | Reached skill level 7 in Spellcasting
  9653 | D:6      | Noticed Eustachio
  9657 | D:6      | Killed Eustachio
  9736 | D:6      | Found a broken altar of Ashenzari.
  9770 | D:6      | Noticed Edmund
  9781 | D:6      | Killed Edmund
  9919 | D:6      | Reached skill level 8 in Spellcasting
  9999 | D:6      | Reached skill level 5 in Stealth
 10195 | D:6      | Found Jomem's Weapon Shoppe.
 10445 | D:7      | Noticed Maggie
 10453 | D:7      | Killed Maggie
 10579 | D:7      | Reached * piety under Makhleb
 10580 | D:7      | Reached XP level 10. HP: 26/64 MP: 0/0
 10908 | D:7      | Found Caug's Assorted Antiques.
 10933 | D:7      | Noticed Menkaure
 10936 | D:7      | Killed Menkaure
 10979 | D:7      | Reached skill level 9 in Spellcasting
 10981 | D:7      | Reached skill level 1 in Polearms
 11844 | D:7      | Noticed Prince Ribbit
 11850 | D:7      | Killed Prince Ribbit
 12202 | D:8      | Found a stormy altar of Qazlal.
 12260 | D:8      | Found a sparkling altar of Nemelex Xobeh.
 12718 | D:8      | Found an opulent altar of Gozag.
 13343 | D:9      | Was forgiven by Elyvilon
 13576 | D:10     | Entered Level 10 of the Dungeon
 13691 | D:9      | Found a staircase to the Orcish Mines.
 13842 | D:9      | Noticed a death yak
 13843 | D:9      | Noticed a death yak
 13847 | D:9      | Noticed a death yak
 13858 | D:9      | Killed a death yak
 13864 | D:9      | Killed a death yak
 13865 | D:9      | Reached skill level 10 in Spellcasting
 13865 | D:9      | Reached XP level 11. HP: 38/68 MP: 0/0
 13865 | D:9      | Learned a level 5 spell: Blade Hands
 13866 | D:9      | Killed a death yak
 13866 | D:9      | Reached ** piety under Makhleb
 14132 | D:9      | Found a staircase to the Lair.
 14483 | Lair:1   | Entered Level 1 of the Lair of Beasts
 14834 | Lair:1   | Reached skill level 5 in Dodging
 14843 | Lair:1   | Reached skill level 11 in Spellcasting
 14878 | Lair:1   | Found a gate leading to a gauntlet.
 14886 | Gauntlet | Entered a Gauntlet
 14886 | Gauntlet | Noticed an oklob plant
 14886 | Gauntlet | Noticed a necromancer
 14886 | Gauntlet | Found a transporter.
 14886 | Gauntlet | Found a transporter.
 14892 | Gauntlet | Found a transporter.
 14916 | Gauntlet | Found a transporter.
 14933 | Gauntlet | Noticed a sixfirhy
 14934 | Gauntlet | Found a transporter.
 14934 | Gauntlet | Found a transporter.
 14936 | Gauntlet | Found a transporter.
 14936 | Gauntlet | Found a transporter.
 14938 | Gauntlet | Found a transporter.
 14950 | Gauntlet | Noticed a blizzard demon
 14953 | Gauntlet | Found a transporter.
 14972 | Gauntlet | Found a transporter.
 14979 | Gauntlet | Noticed a cacodemon
 14986 | Gauntlet | Found a transporter.
 14988 | Gauntlet | Noticed a seven-headed hydra
 14992 | Gauntlet | Found a transporter.
 15040 | Gauntlet | Found a transporter.
 15879 | Lair:2   | Reached XP level 12. HP: 67/74 MP: 0/0
 15879 | Lair:2   | Reached *** piety under Makhleb
 15923 | Lair:1   | Slain by a wolf

Illustrated notes

Levels and vault maps discovered:
D:1:      minmay_arrival_radiant_lines, layout_loops_ring, serial_shops,
          nicolae_shop_crystal
D:2:      layout_basic, dreamdust_ecumenical_altar_drowned_temple
D:3:      layout_loops_cross, serial_bayou_lake_a, uniq_ijyb
D:4:      layout_rooms, elyvilon_altar_4, minmay_misc_feat_doors
D:5:      layout_loops_corners, nicolae_overflow_squiral,
          minmay_temple_entry_poolview, nicolae_ossuary_entry_giza,
          hangedman_decor_slide_cut, st_stairs_11,
          hangedman_abyss_or_decor_stabs
D:6:      layout_cave_pods, ashenzari_altar_1, serial_shops,
          nicolae_shop_behind_doors, uniq_edmund, uniq_eustachio
D:7:      layout_cave_pods, serial_shops, nicolae_shop_overgrown_old_shop,
          dk_noncrumbling_2, uniq_menkaure, uniq_prince_ribbit1, uniq_maggie
D:8:      layout_basic, nemelex_spade_bored_becter,
          mainiacjoe_overflow_catch_the_wave
D:9:      layout_loops_cross, dpeg_lair_monsters, hiddenorc1_lemuel
D:10:     layout_roguey, led_xom_imps, uniq_psyche
Temple:   eino_narrow_crystal_temple
Lair:1:   layout_long_grid, gauntlet_entry_generic, grunt_megastairs_2
Lair:2:   layout_chaotic_city, minmay_holes, st_stairs_4,
          grunt_forest_large_clearings

Skill      XL: |  1  2  3  4  5  6  7  8  9 10 11 12 |
---------------+-------------------------------------+-----
Spellcasting   | 3 4 5 6 8 10 11 | 11.7
Stealth        | 2 3 4 5 6 7 8 |  8.2
Short Blades   | 1 |  1.4
Fighting       | 1 2 |  2.2
Dodging        | 3 4 5 |  5.1
Polearms       | 2 3 4 |  4.2
Armour         | |  0.7

Action                   |  1- 3 |  4- 6 |  7- 9 | 10-12 || total
-------------------------+-------+-------+-------+-------++-------
Melee: Dagger            |    31 |    21 |    16 |       ||    68
       Lance             |       |       |       |    40 ||    40
 Cast: Foxfire           |    64 |    66 |   183 |    74 ||   387
       Pain              |     7 |       |     1 |    14 ||    22
       Scorch            |     2 |    21 |    75 |    57 ||   155
       Blink             |       |     2 |     1 |     5 ||     8
       Conjure Flame     |       |     1 |    10 |    10 ||    21
       Flame Wave        |       |       |     6 |    15 ||    21
       Summon Lightning  |       |       |    11 |    23 ||    34
       Inner Flame       |       |       |       |     3 ||     3
Evoke: Wand              |       |       |       |     1 ||     1
       Box of beasts     |       |       |       |     1 ||     1
  Use: Scroll            |       |     7 |     1 |     7 ||    15
       Potion            |       |       |       |     2 ||     2
 Stab: Sleeping          |     1 |     3 |     4 |       ||     8
       Distracted        |       |       |       |     1 ||     1
Armor: Robe              |     6 |     9 |    33 |       ||    48
       Leather armour    |       |       |     6 |       ||     6
       Steam dragon scal |       |       |       |    38 ||    38
Dodge: Dodged            |    34 |    13 |    38 |    67 ||   152

Table legend: (Time is in decaauts)
 A = Elapsed time spent in this place.
 B = Non-inter-level travel time spent in this place.
 C = Inter-level travel time spent in this place.
 D = Time resting spent in this place.
 E = Time spent auto-exploring this place.
 F = Levels seen in this place.
 G = Mean time per level.
                   A        B        C        D        E       F      G
               +--------+--------+--------+--------+--------+-----+--------+
         Total |  15941 |  15580 |    361 |   5994 |   6481 |  15 | 1062.7 |
       Dungeon |  13361 |  13070 |    291 |   5101 |   5773 |  10 | 1336.1 |
        Temple |    214 |    180 |     34 |      0 |    172 |   1 |  214.0 |
          Lair |   1073 |   1038 |     35 |    215 |    414 |   2 |  536.5 |
       Ossuary |   1087 |   1087 |      0 |    678 |    122 |   1 | 1087.0 |
      Gauntlet |    204 |    204 |      0 |      0 |      0 |   1 |  204.0 |
               +--------+--------+--------+--------+--------+-----+--------+

Top non-repeatable levels by time:
     D:1: 2182 daAuts
     D:5: 1884 daAuts
     D:6: 1562 daAuts
     D:2: 1466 daAuts
     D:7: 1417 daAuts
     D:9: 1386 daAuts
     D:4: 1189 daAuts
     D:8: 1178 daAuts
 Ossuary: 1087 daAuts
     D:3: 1086 daAuts
  Lair:1: 963 daAuts
  Temple: 214 daAuts
Gauntlet: 204 daAuts
  Lair:2: 109 daAuts
    D:10: 6 daAuts
